2129 views
Uploaded 2022-09-06 03:59:35
Game version 1.33
59:45 long 3on3 ladder game on (6)StranglethornVale
Saved by GIGA
2129 views
Uploaded 2022-09-06 03:59:35
Game version 1.33
59:45 long 3on3 ladder game on (6)StranglethornVale


211 units @ 30.8k
/ 5.7k
142 buildings @ 22.4k
/ 11.4k

| Wisp | 31 | 1860 | / | 0 |
| Archer | 3 | 390 | / | 30 |
| Huntress | 4 | 780 | / | 80 |
| Glaive Thrower | 13 | 2730 | / | 845 |
| Dryad | 4 | 580 | / | 240 |
| Mountain Giant | 3 | 1050 | / | 300 |
| Goblin Sapper | 2 | 430 | / | 200 |
| total: | 60 | 7820g | / | 1695w |
| Altar of Elders | 1 | 180 | / | 50 |
| Moon Well | 5 | 900 | / | 200 |
| Ancient of War | 1 | 150 | / | 60 |
| Hunter's Hall | 1 | 210 | / | 100 |
| Ancient of Wonders | 1 | 90 | / | 30 |
| Tree of Life | 1 | 340 | / | 185 |
| Ancient of Lore | 2 | 310 | / | 290 |
| Tree of Ages | 1 | 320 | / | 180 |
| Tree of Eternity | 1 | 330 | / | 200 |
| total: | 12 | 2180g | / | 915w |
| 0:05 | Wisp |
| 0:06 | Wisp |
| 0:16 | Altar of Elders |
| 0:20 | Moon Well |
| 0:35 | Wisp |
| 0:56 | Wisp |
| 0:56 | Wisp |
| 1:05 | Ancient of War |
| 1:12 | Wisp |
| 1:16 | Wisp |
| 1:16 | Wisp |
| 1:41 | Moon Well |
| 1:54 | Wisp |
| 2:07 | Archer |
| 2:20 | Hunter's Hall |
| 2:37 | Force of Nature |
| 2:59 | Archer |
| 2:59 | Archer |
| 3:06 | Tree of Ages |
| 3:48 | Huntress |
| 3:48 | Huntress |
| 4:13 | Moon Well |
| 4:32 | Huntress |
| 5:03 | Ultravision |
| 5:17 | Moon Well |
| 5:21 | Huntress |
| 5:47 | Ancient of Lore |
| 5:49 | Wisp |
| 5:49 | Wisp |
| 5:50 | Wisp |
| 5:55 | Ancient of Lore |
| 5:59 | Ancient of Wonders |
| 6:44 | Tree of Life |
| 7:23 | Glaive Thrower |
| 7:23 | Glaive Thrower |
| 7:23 | Glaive Thrower |
| 7:23 | Glaive Thrower |
| 7:25 | Strength of the Wild |
| 8:07 | Entangling Roots |
| 8:27 | Glaive Thrower |
| 8:30 | Moon Well |
| 8:34 | Dryad |
| 8:34 | Dryad |
| 8:36 | Abolish Magic |
| 9:50 | Dryad |
| 9:52 | Glaive Thrower |
| 10:12 | Tree of Eternity |
| 10:16 | Wisp |
| 10:16 | Wisp |
| 11:08 | Goblin Sapper |
| 12:34 | Dryad |
| 12:38 | Glaive Thrower |
| 12:38 | Glaive Thrower |
| 12:42 | Wisp |
| 12:43 | Wisp |
| 12:43 | Wisp |
| 12:45 | Wisp |
| 12:46 | Wisp |
| 12:46 | Wisp |
| 13:26 | Goblin Sapper |
| 14:35 | Mountain Giant |
| 15:31 | Glaive Thrower |
| 15:31 | Glaive Thrower |
| 15:50 | Strength of the Moon |
| 15:57 | Wisp |
| 15:57 | Wisp |
| 15:57 | Wisp |
| 15:57 | Wisp |
| 15:58 | Wisp |
| 18:21 | Glaive Thrower |
| 18:22 | Glaive Thrower |
| 18:22 | Glaive Thrower |
| 18:23 | Mountain Giant |
| 18:23 | Mountain Giant |
| 18:27 | Wisp |
| 18:27 | Wisp |
| 18:27 | Wisp |
| 18:30 | Wisp |
| 18:30 | Wisp |
| 18:30 | Wisp |
| Right click | 918 |
| Select | 194 |
| Assign group | 107 |
| Build/train/purchase | 70 |
| Select group | 50 |
| Use ability | 25 |
| Misc. action | 11 |
| Minimap ping | 9 |
| Resource trade | 4 |



| Scroll of Speed | 1 | 50 |
| Healing Salve | 1 | 100 |
| Lesser Clarity Potion | 2 | 140 |
| Periapt of Vitality | 1 | 325 |
| Potion of Lesser Invulnerability | 1 | 150 |
| total: | 6 | 765g |
| Peon | 11 | 825 | / | 0 |
| Troll Headhunter | 14 | 1960 | / | 280 |
| Raider | 17 | 3060 | / | 680 |
| Demolisher | 7 | 1540 | / | 350 |
| Troll Berserker | 5 | 700 | / | 100 |
| Troll Batrider | 12 | 1920 | / | 480 |
| Troll Witch Doctor | 4 | 580 | / | 100 |
| Goblin Shredder | 2 | 750 | / | 200 |
| Goblin Zeppelin | 2 | 480 | / | 120 |
| Wisp | 5 | 300 | / | 0 |
| total: | 79 | 12115g | / | 2310w |
| Watch Tower | 27 | 2970 | / | 2160 |
| Altar of Storms | 2 | 360 | / | 100 |
| Orc Burrow | 15 | 2400 | / | 600 |
| War Mill | 1 | 205 | / | 0 |
| Barracks | 3 | 540 | / | 150 |
| Voodoo Lounge | 2 | 260 | / | 60 |
| Great Hall | 6 | 2310 | / | 1110 |
| Beastiary | 3 | 435 | / | 420 |
| Spirit Lodge | 4 | 600 | / | 600 |
| Stronghold | 2 | 630 | / | 380 |
| Fortress | 2 | 650 | / | 380 |
| Ancient Protector | 8 | 1080 | / | 640 |
| Tree of Life | 2 | 680 | / | 370 |
| Moon Well | 5 | 900 | / | 200 |
| Altar of Elders | 1 | 180 | / | 50 |
| Tree of Ages | 2 | 640 | / | 360 |
| total: | 79 | 12920g | / | 6460w |
| 0:02 | Peon |
| 0:02 | Peon |
| 0:07 | Altar of Storms |
| 0:18 | Orc Burrow |
| 0:19 | Peon |
| 0:29 | Peon |
| 0:49 | War Mill |
| 1:04 | Barracks |
| 1:13 | Peon |
| 1:26 | Peon |
| 1:40 | Orc Burrow |
| 1:44 | Peon |
| 2:05 | Troll Headhunter |
| 2:06 | Feral Spirit |
| 2:16 | Troll Headhunter |
| 2:32 | Troll Headhunter |
| 3:04 | Troll Headhunter |
| 3:19 | Stronghold |
| 3:44 | Troll Headhunter |
| 3:54 | Voodoo Lounge |
| 3:57 | Voodoo Lounge |
| 4:08 | Troll Headhunter |
| 4:25 | Troll Headhunter |
| 4:28 | Orc Burrow |
| 4:59 | Troll Headhunter |
| 5:39 | Troll Headhunter |
| 5:44 | Beastiary |
| 6:19 | Troll Headhunter |
| 6:39 | Hex |
| 6:40 | Scroll of Speed |
| 6:40 | Healing Salve |
| 6:40 | Lesser Clarity Potion |
| 6:52 | Raider |
| 6:54 | Orc Burrow |
| 6:56 | Orc Burrow |
| 7:15 | Chain Lighting |
| 7:19 | Ensnare |
| 7:50 | Peon |
| 7:53 | Troll Headhunter |
| 8:05 | Healing Wave |
| 8:08 | Great Hall |
| 8:17 | Raider |
| 8:22 | Orc Burrow |
| 8:41 | Fortress |
| 9:04 | Raider |
| 9:19 | Steel Ranged Weapons |
| 9:24 | Watch Tower |
| 9:52 | Barracks |
| 10:03 | Feral Spirit |
| 10:25 | Raider |
| 10:31 | Thorium Ranged Weapons |
| 11:06 | Burning Oil |
| 11:15 | Goblin Shredder |
| 11:20 | Demolisher |
| 11:38 | Demolisher |
| 12:08 | Demolisher |
| 12:08 | Raider |
| 12:36 | Goblin Zeppelin |
| 12:52 | Demolisher |
| 12:54 | Orc Burrow |
| 13:16 | Berserker Upgrade |
| 13:18 | Troll Headhunter |
| 13:48 | Troll Headhunter |
| 13:49 | Troll Headhunter |
| 15:15 | Raider |
| 16:27 | Demolisher |
| 16:27 | Raider |
| 16:29 | Demolisher |
| 17:10 | Raider |
| 17:10 | Raider |
| 17:42 | Healing Wave |
| 17:57 | Watch Tower |
| 17:58 | Watch Tower |
| 17:59 | Watch Tower |
| 17:59 | Watch Tower |
| 18:00 | Watch Tower |
| 18:27 | Stronghold |
| 19:02 | Orc Burrow |
| 19:03 | Orc Burrow |
| 19:04 | Orc Burrow |
| 19:36 | Tree of Life |
| 20:54 | Beastiary |
| 20:54 | Beastiary |
| 20:56 | Orc Burrow |
| 21:20 | Watch Tower |
| 21:51 | Goblin Shredder |
| 22:28 | Altar of Storms |
| 22:45 | Hex |
| 22:54 | Raider |
| 23:00 | Raider |
| 23:06 | Watch Tower |
| 23:07 | Watch Tower |
| 23:10 | Great Hall |
| 26:40 | Orc Burrow |
| 26:43 | Reinforced Defenses |
| 26:46 | Orc Burrow |
| 27:15 | Peon |
| 27:16 | Peon |
| 27:16 | Peon |
| 27:20 | Watch Tower |
| 27:20 | Watch Tower |
| 27:21 | Watch Tower |
| 27:28 | Ancient Protector |
| 27:28 | Ancient Protector |
| 27:28 | Ancient Protector |
| 27:29 | Ancient Protector |
| 27:29 | Ancient Protector |
| 27:30 | Ancient Protector |
| 27:31 | Ancient Protector |
| 27:31 | Ancient Protector |
| 27:37 | Moon Well |
| 27:38 | Moon Well |
| 27:46 | Raider |
| 28:11 | Goblin Zeppelin |
| 29:28 | Far Sight |
| 29:31 | Troll Berserker |
| 29:33 | Troll Berserker |
| 30:23 | Troll Batrider |
| 30:31 | Wisp |
| 30:32 | Wisp |
| 30:33 | Wisp |
| 30:35 | Wisp |
| 30:35 | Wisp |
| 30:52 | Barracks |
| 30:55 | Spirit Lodge |
| 30:56 | Spirit Lodge |
| 33:09 | Spirit Lodge |
| 33:10 | Spirit Lodge |
| 33:24 | Great Hall |
| 33:25 | Watch Tower |
| 33:26 | Watch Tower |
| 33:27 | Watch Tower |
| 33:27 | Watch Tower |
| 33:28 | Watch Tower |
| 33:29 | Great Hall |
| 33:40 | Raider |
| 33:56 | Watch Tower |
| 34:17 | Watch Tower |
| 34:18 | Watch Tower |
| 34:18 | Watch Tower |
| 34:55 | Troll Witch Doctor |
| 35:01 | Orc Burrow |
| 35:03 | Orc Burrow |
| 35:32 | Watch Tower |
| 35:44 | Fortress |
| 36:19 | Watch Tower |
| 36:30 | Great Hall |
| 36:39 | Watch Tower |
| 36:43 | Watch Tower |
| 36:43 | Watch Tower |
| 36:58 | Shaman Adept Training |
| 37:06 | Tree of Ages |
| 37:44 | Troll Witch Doctor |
| 39:06 | Troll Batrider |
| 39:12 | Watch Tower |
| 39:25 | Breath of Fire |
| 39:53 | Tree of Life |
| 40:37 | Demolisher |
| 40:47 | Troll Batrider |
| 41:38 | Troll Batrider |
| 41:38 | Troll Batrider |
| 42:05 | Raider |
| 42:39 | Troll Batrider |
| 43:21 | Troll Batrider |
| 43:50 | Troll Batrider |
| 44:30 | Tree of Ages |
| 44:35 | Altar of Elders |
| 44:44 | Troll Batrider |
| 44:45 | Troll Batrider |
| 45:11 | Troll Batrider |
| 45:41 | Healing Wave |
| 45:51 | Moon Well |
| 45:53 | Moon Well |
| 45:53 | Moon Well |
| 46:28 | Troll Batrider |
| 46:30 | Troll Witch Doctor |
| 47:22 | Pillage |
| 48:56 | Raider |
| 49:42 | Great Hall |
| 50:35 | Drunken Haze |
| 51:06 | Raider |
| 53:54 | Lesser Clarity Potion |
| 54:27 | Periapt of Vitality |
| 54:27 | Potion of Lesser Invulnerability |
| 55:02 | Entangling Roots |
| 55:06 | Raider |
| 55:43 | Troll Berserker |
| 57:54 | Troll Berserker |
| 58:38 | Troll Berserker |
| 58:40 | Witch Doctor Adept Training |
| 58:41 | Troll Witch Doctor |
| Right click | 3094 |
| Select group | 2454 |
| Select | 1009 |
| Use ability | 233 |
| Build/train/purchase | 228 |
| Assign group | 190 |
| Misc. action | 78 |
| Chat | 57 |
| Minimap ping | 37 |
| Esc | 16 |
| Resource trade | 12 |
| Item give/drop | 4 |
| Remove unit | 1 |
lagangster
(59:28) : 

| Orb of Lightning | 1 | 375 |
| Healing Salve | 2 | 200 |
| Scroll of Town Portal | 3 | 1050 |
| total: | 6 | 1625g |
| Peon | 13 | 975 | / | 0 |
| Troll Headhunter | 11 | 1540 | / | 220 |
| Shaman | 8 | 1040 | / | 160 |
| Troll Berserker | 18 | 2520 | / | 360 |
| Troll Batrider | 4 | 640 | / | 160 |
| Wind Rider | 5 | 1325 | / | 200 |
| Raider | 1 | 180 | / | 40 |
| Demolisher | 6 | 1320 | / | 300 |
| Troll Witch Doctor | 4 | 580 | / | 100 |
| Goblin Shredder | 2 | 750 | / | 200 |
| total: | 72 | 10870g | / | 1740w |
| Watch Tower | 32 | 3520 | / | 2560 |
| Altar of Storms | 1 | 180 | / | 50 |
| Orc Burrow | 9 | 1440 | / | 360 |
| War Mill | 1 | 205 | / | 0 |
| Barracks | 1 | 180 | / | 50 |
| Voodoo Lounge | 1 | 130 | / | 30 |
| Great Hall | 3 | 1155 | / | 555 |
| Spirit Lodge | 1 | 150 | / | 150 |
| Beastiary | 2 | 290 | / | 280 |
| Stronghold | 1 | 315 | / | 190 |
| Fortress | 1 | 325 | / | 190 |
| total: | 51 | 7250g | / | 4035w |
| 0:04 | Peon |
| 0:04 | Peon |
| 0:07 | Altar of Storms |
| 0:10 | Orc Burrow |
| 0:31 | Peon |
| 0:48 | Peon |
| 1:09 | War Mill |
| 1:16 | Peon |
| 1:17 | Barracks |
| 1:35 | Peon |
| 1:47 | Peon |
| 2:12 | Feral Spirit |
| 2:21 | Orc Burrow |
| 2:24 | Troll Headhunter |
| 2:25 | Troll Headhunter |
| 3:11 | Stronghold |
| 3:19 | Troll Headhunter |
| 3:33 | Voodoo Lounge |
| 3:51 | Troll Headhunter |
| 4:19 | Troll Headhunter |
| 4:36 | Troll Headhunter |
| 4:38 | Orc Burrow |
| 5:22 | Troll Headhunter |
| 5:33 | Steel Ranged Weapons |
| 5:45 | Chain Lighting |
| 6:02 | Orc Burrow |
| 6:06 | Troll Regeneration |
| 6:36 | Steel Armor |
| 6:42 | War Stomp |
| 7:09 | Feral Spirit |
| 7:34 | Thorium Ranged Weapons |
| 7:39 | Spirit Lodge |
| 8:04 | Fortress |
| 8:17 | Troll Headhunter |
| 8:38 | Troll Headhunter |
| 8:56 | Thorium Armor |
| 8:58 | Shaman Adept Training |
| 9:11 | Endurance Aura |
| 9:48 | Troll Headhunter |
| 10:16 | Troll Headhunter |
| 10:27 | Shaman Master Training |
| 10:27 | Berserker Upgrade |
| 11:11 | Watch Tower |
| 11:21 | Watch Tower |
| 11:39 | Peon |
| 11:57 | Peon |
| 12:20 | Great Hall |
| 12:43 | Goblin Shredder |
| 14:04 | Shaman |
| 14:04 | Shaman |
| 14:09 | Arcanite Ranged Weapons |
| 14:13 | Watch Tower |
| 14:19 | Watch Tower |
| 14:28 | Shaman |
| 14:32 | Orc Burrow |
| 14:35 | Watch Tower |
| 14:37 | Watch Tower |
| 14:54 | Troll Berserker |
| 14:58 | Peon |
| 14:58 | Peon |
| 15:05 | Troll Berserker |
| 15:10 | Reinforced Defenses |
| 15:41 | Shaman |
| 15:42 | Troll Berserker |
| 16:18 | Beastiary |
| 16:21 | Beastiary |
| 16:24 | Orc Burrow |
| 16:28 | Orc Burrow |
| 16:31 | Watch Tower |
| 16:37 | Spiked Barricades |
| 17:34 | Watch Tower |
| 17:35 | Watch Tower |
| 17:37 | Watch Tower |
| 17:39 | Watch Tower |
| 17:41 | Watch Tower |
| 17:45 | Envenomed Spears |
| 17:48 | Watch Tower |
| 17:51 | Watch Tower |
| 18:51 | Scroll of Town Portal |
| 19:07 | Orb of Lightning |
| 19:23 | Watch Tower |
| 19:26 | Watch Tower |
| 19:35 | Troll Batrider |
| 19:40 | Troll Batrider |
| 20:27 | Troll Batrider |
| 20:51 | Troll Batrider |
| 20:59 | Chain Lighting |
| 22:23 | Great Hall |
| 24:07 | Arcanite Armor |
| 24:09 | Watch Tower |
| 24:10 | Watch Tower |
| 25:14 | Watch Tower |
| 25:15 | Watch Tower |
| 25:16 | Peon |
| 25:17 | Peon |
| 26:00 | Watch Tower |
| 26:53 | Watch Tower |
| 27:03 | Watch Tower |
| 27:10 | Improved Spiked Barricades |
| 28:27 | Watch Tower |
| 28:28 | Watch Tower |
| 29:20 | Shaman |
| 29:20 | Shaman |
| 29:21 | Troll Berserker |
| 29:21 | Troll Berserker |
| 29:21 | Troll Berserker |
| 29:21 | Troll Berserker |
| 29:21 | Troll Berserker |
| 29:21 | Troll Berserker |
| 30:04 | War Stomp |
| 30:21 | Troll Berserker |
| 30:21 | Troll Berserker |
| 30:22 | Shaman |
| 30:22 | Shaman |
| 30:41 | Wind Rider |
| 30:44 | Watch Tower |
| 30:45 | Watch Tower |
| 31:12 | Healing Salve |
| 31:14 | Scroll of Town Portal |
| 31:19 | Healing Salve |
| 31:25 | Troll Berserker |
| 31:40 | Raider |
| 31:42 | Wind Rider |
| 31:45 | Orc Burrow |
| 31:49 | Troll Berserker |
| 31:58 | Goblin Shredder |
| 32:46 | Demolisher |
| 32:47 | Demolisher |
| 32:47 | Demolisher |
| 32:48 | Demolisher |
| 32:48 | Demolisher |
| 33:56 | Wind Rider |
| 34:33 | Wind Rider |
| 36:51 | Ensnare |
| 36:54 | Liquid Fire |
| 38:19 | Witch Doctor Adept Training |
| 39:24 | Witch Doctor Master Training |
| 42:30 | Orc Burrow |
| 42:32 | Wind Rider |
| 42:52 | Scroll of Town Portal |
| 45:11 | Feral Spirit |
| 47:59 | Troll Berserker |
| 47:59 | Troll Berserker |
| 47:59 | Troll Berserker |
| 47:59 | Troll Berserker |
| 48:00 | Troll Berserker |
| 48:01 | Troll Witch Doctor |
| 48:01 | Troll Witch Doctor |
| 48:01 | Troll Witch Doctor |
| 48:01 | Troll Witch Doctor |
| 51:52 | Great Hall |
| 51:53 | Watch Tower |
| 51:54 | Watch Tower |
| 52:13 | Watch Tower |
| 52:14 | Watch Tower |
| 52:17 | Watch Tower |
| 54:06 | Demolisher |
| 57:52 | Endurance Aura |
| Right click | 1649 |
| Select group | 1319 |
| Select | 603 |
| Build/train/purchase | 128 |
| Misc. action | 49 |
| Assign group | 45 |
| Use ability | 28 |
| Resource trade | 24 |
| Minimap ping | 4 |
| Esc | 3 |
| Item give/drop | 1 |
94 units @ 9.9k
/ 1.4k
136 buildings @ 11.1k
/ 5.3k
DudeWhy
(236)
(59:30) : 


| Healing Salve | 1 | 100 |
| Orb of Lightning | 2 | 750 |
| total: | 3 | 850g |
| Peasant | 19 | 1425 | / | 0 |
| total: | 19 | 1425g | / | 0w |
| Scout Tower | 36 | 1080 | / | 720 |
| Arcane Tower | 4 | 280 | / | 200 |
| Guard Tower | 7 | 490 | / | 350 |
| Altar of Kings | 3 | 540 | / | 150 |
| Farm | 7 | 560 | / | 140 |
| Lumber Mill | 2 | 240 | / | 0 |
| Town Hall | 4 | 1540 | / | 820 |
| Blacksmith | 1 | 140 | / | 60 |
| Keep | 1 | 320 | / | 210 |
| Castle | 1 | 360 | / | 210 |
| total: | 53 | 4100g | / | 1890w |
| 0:02 | Peasant |
| 0:12 | Altar of Kings |
| 0:14 | Peasant |
| 0:19 | Farm |
| 0:20 | Peasant |
| 0:26 | Peasant |
| 0:34 | Lumber Mill |
| 0:35 | Peasant |
| 0:54 | Farm |
| 1:06 | Peasant |
| 1:28 | Peasant |
| 1:33 | Scout Tower |
| 1:37 | Improved Lumber Harvesting |
| 1:38 | Improved Masonry |
| 1:41 | Peasant |
| 1:44 | Farm |
| 1:47 | Peasant |
| 2:01 | Peasant |
| 2:05 | Arcane Tower |
| 2:11 | Peasant |
| 2:16 | Storm Bolt |
| 2:23 | Peasant |
| 2:26 | Scout Tower |
| 2:39 | Scout Tower |
| 2:58 | Guard Tower |
| 3:28 | Peasant |
| 3:28 | Peasant |
| 3:36 | Peasant |
| 4:05 | Town Hall |
| 4:25 | Guard Tower |
| 4:49 | Scout Tower |
| 5:00 | Scout Tower |
| 5:24 | Guard Tower |
| 6:14 | Guard Tower |
| 7:08 | Farm |
| 7:11 | Farm |
| 7:13 | Farm |
| 7:29 | Keep |
| 7:59 | Blacksmith |
| 8:01 | Altar of Kings |
| 8:04 | Altar of Kings |
| 9:24 | Farm |
| 11:02 | Holy Light |
| 14:41 | Bash |
| 18:16 | Castle |
| 18:18 | Healing Salve |
| 18:43 | Bash |
| 18:46 | Divine Shield |
| 20:28 | Town Hall |
| 20:30 | Town Hall |
| 20:49 | Town Hall |
| 20:54 | Scout Tower |
| 20:56 | Scout Tower |
| 20:56 | Scout Tower |
| 21:00 | Scout Tower |
| 21:01 | Scout Tower |
| 21:01 | Scout Tower |
| 21:35 | Lumber Mill |
| 21:38 | Scout Tower |
| 21:38 | Scout Tower |
| 21:40 | Scout Tower |
| 21:40 | Scout Tower |
| 21:41 | Scout Tower |
| 21:42 | Scout Tower |
| 21:42 | Scout Tower |
| 21:43 | Scout Tower |
| 21:48 | Arcane Tower |
| 21:59 | Arcane Tower |
| 22:01 | Scout Tower |
| 22:02 | Scout Tower |
| 22:32 | Peasant |
| 22:32 | Peasant |
| 22:32 | Peasant |
| 22:33 | Peasant |
| 22:39 | Guard Tower |
| 22:45 | Guard Tower |
| 22:56 | Arcane Tower |
| 23:03 | Scout Tower |
| 23:03 | Scout Tower |
| 23:04 | Scout Tower |
| 23:04 | Scout Tower |
| 23:20 | Orb of Lightning |
| 24:05 | Scout Tower |
| 24:06 | Scout Tower |
| 24:06 | Scout Tower |
| 24:08 | Advanced Masonry |
| 25:07 | Guard Tower |
| 27:12 | Brilliance Aura |
| 32:29 | Orb of Lightning |
| 37:07 | Divine Shield |
| 37:20 | Imbued Masonry |
| 39:52 | Blizzard |
| 43:44 | Storm Bolt |
| 44:41 | Scout Tower |
| 44:42 | Scout Tower |
| 44:43 | Scout Tower |
| 44:43 | Scout Tower |
| 44:44 | Scout Tower |
| 44:45 | Scout Tower |
| 44:53 | Scout Tower |
| 44:54 | Scout Tower |
| 51:34 | Divine Shield |
| 53:23 | Holy Light |
| Right click | 3083 |
| Select group | 1061 |
| Select | 447 |
| Resource trade | 175 |
| Use ability | 127 |
| Misc. action | 102 |
| Build/train/purchase | 93 |
| Minimap ping | 12 |
| Assign group | 10 |
| Esc | 4 |
| Item give/drop | 1 |
| Remove unit | 1 |


| Scroll of Regeneration | 1 | 100 |
| total: | 1 | 100g |
| Peasant | 13 | 975 | / | 0 |
| Flying Machine | 16 | 1600 | / | 480 |
| Mortar Team | 7 | 1260 | / | 490 |
| Dragonhawk Rider | 9 | 1800 | / | 270 |
| Sorceress | 2 | 310 | / | 40 |
| total: | 47 | 5945g | / | 1280w |
| Scout Tower | 40 | 1200 | / | 800 |
| Arcane Tower | 7 | 490 | / | 350 |
| Guard Tower | 9 | 630 | / | 450 |
| Altar of Kings | 1 | 180 | / | 50 |
| Farm | 16 | 1280 | / | 320 |
| Lumber Mill | 1 | 120 | / | 0 |
| Arcane Vault | 1 | 130 | / | 30 |
| Blacksmith | 1 | 140 | / | 60 |
| Barracks | 1 | 160 | / | 60 |
| Cannon Tower | 1 | 120 | / | 100 |
| Workshop | 4 | 560 | / | 560 |
| Gryphon Aviary | 1 | 140 | / | 150 |
| Arcane Sanctum | 1 | 150 | / | 140 |
| Keep | 1 | 320 | / | 210 |
| Castle | 1 | 360 | / | 210 |
| total: | 67 | 4060g | / | 2170w |
| 0:03 | Peasant |
| 0:03 | Peasant |
| 0:07 | Altar of Kings |
| 0:10 | Farm |
| 0:10 | Farm |
| 0:24 | Peasant |
| 0:35 | Peasant |
| 0:58 | Lumber Mill |
| 1:01 | Peasant |
| 1:05 | Scout Tower |
| 1:16 | Farm |
| 1:18 | Peasant |
| 1:32 | Peasant |
| 1:42 | Peasant |
| 1:45 | Peasant |
| 1:45 | Peasant |
| 1:50 | Arcane Tower |
| 2:01 | Improved Lumber Harvesting |
| 2:38 | Storm Bolt |
| 3:22 | Scout Tower |
| 3:23 | Scout Tower |
| 3:23 | Scout Tower |
| 3:24 | Scout Tower |
| 3:25 | Scout Tower |
| 3:25 | Scout Tower |
| 3:26 | Scout Tower |
| 3:27 | Scout Tower |
| 3:27 | Scout Tower |
| 3:28 | Scout Tower |
| 3:29 | Scout Tower |
| 3:30 | Scout Tower |
| 3:31 | Peasant |
| 3:32 | Peasant |
| 3:34 | Improved Masonry |
| 4:02 | Keep |
| 4:23 | Arcane Vault |
| 4:26 | Guard Tower |
| 4:29 | Guard Tower |
| 4:59 | Arcane Tower |
| 5:01 | Arcane Tower |
| 5:07 | Arcane Tower |
| 5:13 | Blacksmith |
| 5:22 | Farm |
| 5:22 | Farm |
| 5:23 | Farm |
| 5:37 | Scroll of Regeneration |
| 6:00 | Arcane Tower |
| 6:01 | Arcane Tower |
| 6:05 | Scout Tower |
| 6:07 | Scout Tower |
| 6:08 | Scout Tower |
| 6:10 | Scout Tower |
| 6:11 | Scout Tower |
| 6:11 | Scout Tower |
| 6:27 | Workshop |
| 6:29 | Peasant |
| 6:41 | Castle |
| 6:48 | Guard Tower |
| 6:51 | Black Gunpowder |
| 7:36 | Workshop |
| 7:39 | Workshop |
| 7:42 | Workshop |
| 7:51 | Advanced Masonry |
| 8:25 | Cannon Tower |
| 8:27 | Guard Tower |
| 8:49 | Refined Gunpowder |
| 8:52 | Flak Cannons |
| 8:53 | Flying Machine |
| 8:53 | Flying Machine |
| 8:56 | Flying Machine |
| 8:59 | Farm |
| 9:00 | Farm |
| 9:01 | Farm |
| 9:03 | Scout Tower |
| 9:04 | Scout Tower |
| 9:05 | Scout Tower |
| 9:05 | Scout Tower |
| 9:07 | Scout Tower |
| 9:09 | Scout Tower |
| 9:10 | Scout Tower |
| 9:12 | Guard Tower |
| 9:28 | Mortar Team |
| 9:37 | Mortar Team |
| 9:41 | Holy Light |
| 9:44 | Imbued Masonry |
| 9:57 | Flying Machine Bombs |
| 9:58 | Flare |
| 9:59 | Fragmentation Shards |
| 10:09 | Imbued Gunpowder |
| 10:10 | Iron Plating |
| 10:17 | Gryphon Aviary |
| 10:21 | Scout Tower |
| 10:22 | Scout Tower |
| 10:25 | Scout Tower |
| 10:25 | Scout Tower |
| 10:26 | Scout Tower |
| 10:26 | Scout Tower |
| 10:30 | Scout Tower |
| 10:31 | Scout Tower |
| 10:33 | Scout Tower |
| 10:34 | Scout Tower |
| 10:35 | Scout Tower |
| 10:36 | Scout Tower |
| 10:36 | Scout Tower |
| 10:37 | Scout Tower |
| 10:47 | Flying Machine |
| 10:47 | Flying Machine |
| 10:47 | Flying Machine |
| 11:03 | Arcane Sanctum |
| 11:06 | Guard Tower |
| 11:09 | Flying Machine |
| 11:09 | Flying Machine |
| 11:18 | Farm |
| 11:19 | Farm |
| 11:22 | Farm |
| 11:23 | Farm |
| 11:27 | Arcane Tower |
| 11:28 | Guard Tower |
| 11:57 | Guard Tower |
| 12:06 | Cloud |
| 12:06 | Dragonhawk Rider |
| 12:07 | Dragonhawk Rider |
| 12:11 | Flying Machine |
| 12:49 | Magic Sentry |
| 12:59 | Guard Tower |
| 13:54 | Mortar Team |
| 14:35 | Mortar Team |
| 15:17 | Flying Machine |
| 15:18 | Flying Machine |
| 15:18 | Flying Machine |
| 15:18 | Flying Machine |
| 15:18 | Flying Machine |
| 15:18 | Flying Machine |
| 15:18 | Flying Machine |
| 15:27 | Dragonhawk Rider |
| 16:16 | Steel Plating |
| 19:33 | Farm |
| 19:34 | Farm |
| 19:34 | Farm |
| 20:44 | Sorceress Adept Training |
| 20:44 | Sorceress |
| 20:45 | Sorceress |
| 20:53 | Mithril Plating |
| 20:55 | Studded Leather Armor |
| 20:57 | Barracks |
| 20:59 | Dragonhawk Rider |
| 20:59 | Dragonhawk Rider |
| 21:47 | Dragonhawk Rider |
| 21:47 | Dragonhawk Rider |
| 22:54 | Animal War Training |
| 24:35 | Reinforced Leather Armor |
| 27:20 | Dragonhawk Rider |
| 27:20 | Dragonhawk Rider |
| 32:42 | Holy Light |
| 34:59 | Storm Bolt |
| 45:56 | Mortar Team |
| 45:56 | Mortar Team |
| 53:34 | Bash |
| 57:56 | Mortar Team |
| Right click | 3264 |
| Select group | 1571 |
| Select | 587 |
| Build/train/purchase | 128 |
| Use ability | 121 |
| Minimap ping | 29 |
| Assign group | 28 |
| Resource trade | 27 |
| Esc | 4 |
| Chat | 4 |
| Misc. action | 3 |
| Remove unit | 2 |
Cabeelibob
(194)
(59:30) : 
| Healing Salve | 1 | 100 |
| Lesser Clarity Potion | 13 | 910 |
| Potion of Mana | 1 | 200 |
| Orb of Lightning | 1 | 375 |
| Tiny Great Hall | 1 | 600 |
| Staff of Teleportation | 1 | 150 |
| Boots of Speed | 3 | 750 |
| total: | 21 | 3085g |
| Peon | 21 | 1575 | / | 0 |
| Troll Witch Doctor | 6 | 870 | / | 150 |
| Shaman | 1 | 130 | / | 20 |
| total: | 28 | 2575g | / | 170w |
| Watch Tower | 3 | 330 | / | 240 |
| Altar of Storms | 2 | 360 | / | 100 |
| Orc Burrow | 4 | 640 | / | 160 |
| War Mill | 2 | 410 | / | 0 |
| Voodoo Lounge | 1 | 130 | / | 30 |
| Great Hall | 2 | 770 | / | 370 |
| Spirit Lodge | 2 | 300 | / | 300 |
| Stronghold | 1 | 315 | / | 190 |
| Fortress | 1 | 325 | / | 190 |
| total: | 16 | 2940g | / | 1200w |
| 0:04 | Altar of Storms |
| 0:07 | Orc Burrow |
| 0:08 | Peon |
| 0:21 | Peon |
| 0:35 | Peon |
| 0:54 | Peon |
| 1:15 | Orc Burrow |
| 1:18 | Peon |
| 1:24 | War Mill |
| 1:27 | Peon |
| 1:51 | Peon |
| 1:59 | Peon |
| 2:07 | Wind Walk |
| 2:45 | Voodoo Lounge |
| 2:53 | Watch Tower |
| 2:54 | Peon |
| 2:54 | Peon |
| 3:33 | Peon |
| 3:33 | Peon |
| 3:48 | Watch Tower |
| 3:53 | Orc Burrow |
| 3:59 | Watch Tower |
| 4:06 | Healing Salve |
| 4:06 | Lesser Clarity Potion |
| 4:21 | Peon |
| 5:44 | War Mill |
| 7:14 | Altar of Storms |
| 7:58 | Great Hall |
| 8:51 | Staff of Teleportation |
| 8:52 | Boots of Speed |
| 9:08 | Critical Strike |
| 9:44 | Lesser Clarity Potion |
| 10:17 | Lesser Clarity Potion |
| 10:38 | Stronghold |
| 12:39 | Great Hall |
| 12:59 | Fortress |
| 15:51 | Peon |
| 15:51 | Peon |
| 17:15 | Peon |
| 17:24 | Wind Walk |
| 17:51 | Potion of Mana |
| 18:40 | Orb of Lightning |
| 18:41 | Lesser Clarity Potion |
| 19:37 | Reinforced Defenses |
| 20:20 | Critical Strike |
| 20:59 | Spirit Lodge |
| 21:02 | Spirit Lodge |
| 22:30 | Witch Doctor Adept Training |
| 23:46 | Witch Doctor Master Training |
| 23:48 | Troll Witch Doctor |
| 23:49 | Troll Witch Doctor |
| 23:49 | Troll Witch Doctor |
| 23:49 | Troll Witch Doctor |
| 24:27 | Orc Burrow |
| 24:59 | Tiny Great Hall |
| 27:12 | Lesser Clarity Potion |
| 28:00 | Shaman |
| 29:16 | Peon |
| 29:46 | Peon |
| 30:20 | Peon |
| 30:34 | Peon |
| 30:44 | Peon |
| 32:39 | Lesser Clarity Potion |
| 33:47 | Lesser Clarity Potion |
| 34:52 | Lesser Clarity Potion |
| 35:51 | Critical Strike |
| 42:53 | Lesser Clarity Potion |
| 46:54 | Troll Witch Doctor |
| 46:55 | Troll Witch Doctor |
| 50:08 | Lesser Clarity Potion |
| 52:44 | Bladestorm |
| 53:30 | Lesser Clarity Potion |
| 55:21 | Boots of Speed |
| 55:22 | Boots of Speed |
| 55:44 | Lesser Clarity Potion |
| 57:34 | Lesser Clarity Potion |
| Right click | 3027 |
| Select | 346 |
| Select group | 217 |
| Misc. action | 193 |
| Build/train/purchase | 177 |
| Resource trade | 88 |
| Chat | 77 |
| Use ability | 24 |
| Minimap ping | 17 |
| Item give/drop | 2 |
| Assign group | 1 |